 Dungeon Crawl Stone Soup version 0.32-a0-871-ge202e49faa (webtiles) character file.

Game seed: 4189264239986315794

54529 bronco the Eclecticist (level 15, -1/101 HPs)
             Began as a Djinni Necromancer on Mar 29, 2024.
             Was a High Priest of Wu Jian.
             Slain by a black mamba (15 damage)
             ... summoned by a boggart
             ... on level 5 of the Lair of Beasts.
             The game lasted 01:08:18 (15896 turns).

bronco the Eclecticist (Djinni Necromancer)        Turns: 15896, Time: 01:08:19

Health: -1/101     AC: 10    Str:  7    XL:     15   Next: 14%
Gold:   2107       EV: 25    Int: 24    God:    Wu Jian [*****.] SH:  0 Dex: 14

rFire   + + .        a - +1 demon blade (venom)
rCold   . . .        (no shield)
rNeg    . . .        w - +3 leather armour {rC+}
rPois   ∞            C - +2 hat
rElec   .            x - scarf {shadows}
rCorr   .            H - +0 pair of gloves
SInv    .            (boots unavailable)
Will    +....        (no amulet)
Stlth   ++           b - +5 ring of evasion
HPRegen 0.36/turn    k - +5 ring of evasion
MPRegen 0.00/turn

%: infuse magic (-2 HP)
@: animating dead, flying, studying Axes
A: sickness immunity, fire resistance 2, cold vulnerability 1, float, innate
caster, HP casting, extra vitality 1
a: Renounce Religion, Wall Jump, Serpent's Lash, Heavenly Storm


You were on level 5 of the Lair of Beasts.
You worshipped Wu Jian.
Wu Jian was extremely pleased with you.
You visited 3 branches of the dungeon, and saw 17 of its levels.
You also visited: Ossuary.

You collected 2107 gold pieces.

Inventory:

Hand Weapons
 a - a +1 demon blade of venom (weapon)
 f - a +1 scimitar of draining
 v - a +6 scimitar
 y - the +8 rapier "Idde Veegeu" {antimagic, rF++ rC- rN+ Str+2}
   (You took it off a wight on level 8 of the Dungeon)

   Str+2:     It affects your strength (+2).
   rF++:      It greatly protects you from fire.
   rC-:       It makes you vulnerable to cold.
   rN+:       It protects you from negative energy.
Missiles
 d - 2 atropa-tipped darts
 p - 11 poisoned darts
 J - 14 stones
 N - 5 curare-tipped darts (quivered)
 T - 3 boomerangs
Armour
 w - a +3 leather armour of cold resistance (worn)
 x - a scarf of shadows (worn)
 C - a +2 hat (worn)
 H - a +0 pair of gloves (worn)
Jewellery
 b - a +5 ring of evasion (left hand)
 h - a +6 ring of dexterity
 k - a +5 ring of evasion (right hand)
 m - a ring of wizardry
 A - a ring of see invisible
 R - a ring of positive energy
Talismans
 P - a storm talisman
Wands
 j - a wand of mindburst (3)
 u - a wand of flame (23)
 L - a wand of polymorph (10)
 S - a wand of warping (3)
Scrolls
 i - 2 scrolls of immolation
 s - 7 scrolls of teleportation
 B - 3 scrolls of vulnerability
 F - 3 scrolls of enchant armour
 O - 2 scrolls of fear
 Q - a scroll of revelation
Potions
 c - a potion of might
 e - 3 potions of invisibility
 g - 2 potions of degeneration
 l - 3 potions of berserk rage
 n - 5 potions of mutation
 o - 2 potions of curing
 q - 3 potions of cancellation
 r - 2 potions of magic
 z - 3 potions of brilliance
 D - 3 potions of attraction
 E - 3 potions of enlightenment
 G - a potion of lignification
 I - 4 potions of haste
 K - a potion of ambrosia


   Skills:
 - Level 7.1 Fighting
 - Level 6.6 Long Blades
 - Level 7.7 Armour
 - Level 11.4 Dodging
 - Level 2.2 Stealth
 + Level 15.7 Spellcasting
 + Level 15.7 Conjurations
 + Level 15.7 Hexes
 + Level 15.7 Summonings
 + Level 15.7 Necromancy
 + Level 15.7 Translocations
 + Level 15.7 Fire Magic
 + Level 15.7 Ice Magic
 + Level 15.7 Air Magic
 + Level 15.7 Earth Magic
 + Level 15.7 Alchemy


You knew the following spells:

 Your Spells              Type           Power      Damage    Failure   Level
a - Necrotise             Necr           100%       1d9       0%          1
b - Vampiric Draining     Necr           76%        2d11      1%          3
c - Animate Dead          Necr           76%        N/A       1%          4
d - Curse of Agony        Necr           76%        N/A       1%          5
e - Summon Small Mammal   Summ           100%       N/A       0%          1
f - Blink                 Tloc           100%       N/A       0%          2
g - Momentum Strike       Conj/Tloc      100%       3d10      0%          2
h - Call Canine Familiar  Summ           76%        N/A       1%          3
i - Leda's Liquefaction   Alch/Erth      38%        N/A       1%          4
j - Yara's Violent Unrav  Hex/Alch       38%        3d15      1%          5
k - Permafrost Eruption   Ice/Erth       38%        2x4d11    1%          6
Your spell library was empty.

Dungeon Overview and Level Annotations

Branches:
Dungeon (11/15)            Temple (1/1) D:7            Lair (5/5) D:10
  Swamp (0/4) Lair:3        Snake (0/4) Lair:2      Ossuary (visited)
  Slime: Lair:4-5       Orc: D:9-12

Altars:
Ashenzari
Cheibriados
Dithmenos
Elyvilon
Fedhas
Gozag
Hepliaklqana
Makhleb
Nemelex Xobeh
Okawaru
Qazlal
Ru
Trog
Uskayaw
Wu Jian
Xom
Yredelemnul
Zin
The Shining One

Shops:
D:4 *   D:7 *

Annotations:
D:6 1 runed translucent door
Lair:3 3 runed translucent doors, Plog's ghost, journeyman DjSh
Lair:4 exclusion: oklob plant


Innate Abilities, Weirdness & Mutations

You are immune to sickness and miasma.
You are immune to poison.
Your flesh is very heat resistant. (rF++)
You are vulnerable to cold. (rC-)
You float through the air rather than walking.
You learn spells naturally, not from books.
Your magical power is your life essence.
You have superior vitality. (+4 MHP)


Message History

Your five-headed hydra zombie barely misses the yak.
Your five-headed hydra zombie bites the yak but does no damage. x2
Unknown command.
You hit the yak.
The yak is poisoned.
The yak is lightly wounded.
The black mamba misses you. The yak completely misses you.
The yak gores your five-headed hydra zombie!
Your wolf zombie bites the yak but does no damage.
The black mamba misses you.
Something completely misses your wolf zombie.
Unknown command.
You barely miss the yak.
The yak is severely wounded.
Your wolf zombie bites the yak.
The black mamba bites you.
* * * LOW HITPOINT WARNING * * *
The yak gores you but does no damage. The yak gores your wolf zombie!
Your five-headed hydra zombie bites the yak!
The yak dies!
The yak's corpse dissolves into shadows!
You hear some strange, mumbled words.
The black mamba bites you!
* * * LOW HITPOINT WARNING * * *
Unknown command.
You barely miss the yak.
The yak is lightly wounded.
The black mamba closely misses you. The yak barely misses you.
Your wolf zombie bites the yak.
The black mamba completely misses you.
Unknown command.
Unknown command.
You slash the yak!
The yak is heavily wounded.
Your wolf zombie bites the yak.
The yak closely misses you. The black mamba completely misses you.
Your wolf zombie bites the yak but does no damage.
Unknown command.
Unknown command.
You barely miss the yak.
The yak is severely wounded.
The black mamba bites you!
You die...

♣♣ . ♣.♣.. ## #####
♣..{.♣
..###P#.####♣♣♣†....♣
# #............ZZS..♣
.##............Y@♣
..........#.....♣♣
..........####..♣
.#.....P.## #..♣♣
.#.......P# ##..
......##..# #.#♣
......P#### #..
.#....## ..
##....#### ...


You could see a black mamba (summoned, ally target), a yak (summoned, poisoned,
ally target), a friendly wolf zombie and a friendly five-headed hydra zombie.

Vanquished Creatures
  An ice dragon (Lair:4)
  3 hydras
  2 boulder beetles (D:8)
  An alligator (Lair:3)
  4 death yaks
  A two-headed ogre (D:10)
  Sonja (D:11)
  3 skysharks
  A lindwurm (Lair:3)
  A cyclops (D:8)
  4 black mambas
  2 elephants (Lair:3)
  13 cane toads
  A torpor snail (Lair:3)
  A kobold demonologist (D:11)
  2 rime drakes (Lair:3)
  9 komodo dragons
  3 polar bears
  2 hornets (D:8)
  A troll (D:8)
  Prince Ribbit (Lair:1)
  12 blink frogs
  A dream sheep (Lair:3)
  Sigmund (D:4)
  A spriggan (Lair:5)
  A yak (shapeshifter) (D:8)
  34 yaks
  3 wyverns
  A wraith (D:10)
  Eustachio (D:4)
  4 basilisks
  2 steam dragons
  2 vampire mosquitoes (Lair:4)
  An acid dragon (D:9)
  A naga (Lair:2)
  11 water moccasins
  2 sky beasts
  2 orc warriors
  3 ice beasts
  8 wolves
  2 centaurs (D:7)
  2 ogres
  A phantom (D:5)
  4 kobold brigands
  7 bullfrogs
  2 gnoll sergeants
  5 scorpions
  11 wights
  3 howler monkeys (D:7)
  3 bombardier beetles
  5 hounds
  An orc priest (D:10)
  4 iguanas
  2 sleepcaps
  2 scorpion zombies
  Natasha (thrice) (D:3)
  5 orc wizards
  2 hell rats
  3 gnolls (D:9)
  2 howler monkey skeletons (D:7)
  8 adders
  A shadow imp (D:7)
  3 white imps
  2 dart slugs (D:4)
  10 orcs
  5 ball pythons
  6 bats
  6 endoplasms
  2 giant cockroaches
  A gnoll zombie (Ossuary)
  6 goblins
  8 hobgoblins
  4 quokkas
  5 frilled lizards
  5 kobolds
  An orc zombie (Ossuary)
  4 rats
294 creatures vanquished.

Vanquished Creatures (collateral kills)
  2 hydras
  A catoblepas (Lair:2)
  3 death yaks
  A wolf spider (Lair:3)
  2 black mambas
  4 elephants (Lair:3)
  7 cane toads
  3 rime drakes (Lair:3)
  A komodo dragon (Lair:5)
  A polar bear (Lair:3)
  14 blink frogs
  2 dream sheep (Lair:5)
  A wraith (D:11)
  15 yaks
  3 basilisks
  3 vampire mosquitoes
  7 water moccasins
  A black bear (Lair:1)
  An orc warrior (D:8)
  11 wolves
  A centaur (D:7)
  An ogre (D:4)
  9 bullfrogs
  2 scorpions
  9 wights
  An electric eel (Lair:1)
  A centaur zombie (Ossuary)
  2 human zombies
  A sleepcap (D:7)
  5 hell rats (Lair:1)
  4 scorpion zombies (Ossuary)
  3 mummies (Ossuary)
  A gnoll (D:9)
  2 howler monkey skeletons (D:7)
  A shadow imp (D:7)
  4 adder zombies (Ossuary)
  6 orcs
  A gnoll zombie (Ossuary)
  A kobold (D:11)
  A frilled lizard (D:2)
  A jackal zombie (Ossuary)
  An orc zombie (Ossuary)
141 creatures vanquished.

Vanquished Creatures (others)
  2 hydra zombies (Lair:3)
  A black mamba zombie (Lair:4)
  2 skyshark zombies (Lair:3)
  3 cane toad zombies
  10 blink frog zombies
  A wyvern zombie (D:10)
  2 water moccasin zombies (Lair:4)
  A polar bear zombie (Lair:3)
  A troll zombie (D:8)
  5 yak zombies
  4 wolf zombies (Lair:3)
  A bullfrog zombie (Lair:3)
  An orc wizard (D:9)
  An ogre zombie (D:7)
  A sky beast zombie (D:6)
  A hound zombie (D:6)
  A hell rat zombie (Lair:3)
  A gnoll zombie (D:8)
  An orc zombie (D:8)
  A steam dragon zombie (D:10)
41 creatures vanquished.

Grand Total: 476 creatures vanquished

Notes
Turn   | Place    | Note
-------+----------+-------------------------------------------
     0 | D:1      | bronco the Djinni Necromancer began the quest for the Orb.
     0 | D:1      | bronco set off with the following spells memorised:
                  | Necrotise, Vampiric Draining, Animate Dead, Curse of Agony.
     0 | D:1      | Reached XP level 1. HP: 15/15 MP: 0/0
   182 | D:1      | Reached XP level 2. HP: 19/21 MP: 0/0
   654 | D:1      | Reached XP level 3. HP: 22/25 MP: 0/0
   654 | D:1      | Learned a level 1 spell: Summon Small Mammal
   774 | D:2      | Found a faded altar of an unknown god.
  1078 | D:2      | Reached XP level 4. HP: 29/31 MP: 0/0
  1595 | D:3      | Found a shimmering altar of Xom.
  1699 | D:3      | Noticed Natasha
  1703 | D:3      | Killed Natasha
  1779 | D:3      | Noticed Natasha
  1785 | D:3      | Killed Natasha
  1786 | D:3      | Reached XP level 5. HP: 32/35 MP: 0/0
  1786 | D:3      | Learned a level 2 spell: Blink
  1802 | D:3      | Found a glowing silver altar of Zin.
  1890 | D:3      | Noticed Natasha
  1896 | D:3      | Killed Natasha
  2028 | D:4      | Reached skill level 5 in Spellcasting
  2028 | D:4      | Reached skill level 5 in Conjurations
  2028 | D:4      | Reached skill level 5 in Hexes
  2028 | D:4      | Reached skill level 5 in Summonings
  2028 | D:4      | Reached skill level 5 in Necromancy
  2028 | D:4      | Reached skill level 5 in Translocations
  2028 | D:4      | Reached skill level 5 in Fire Magic
  2028 | D:4      | Reached skill level 5 in Ice Magic
  2028 | D:4      | Reached skill level 5 in Air Magic
  2028 | D:4      | Reached skill level 5 in Earth Magic
  2028 | D:4      | Reached skill level 5 in Alchemy
  2040 | D:4      | Reached XP level 6. HP: 39/40 MP: 0/0
  2109 | D:4      | Found a snail-covered altar of Cheibriados.
  2140 | D:4      | Found Hul Pyecri's Lightly-Used Armoury.
  2338 | D:4      | Noticed Eustachio
  2408 | D:4      | Killed Eustachio
  2409 | D:4      | Reached XP level 7. HP: 36/45 MP: 0/0
  2409 | D:4      | Learned a level 2 spell: Momentum Strike
  2561 | D:4      | Noticed Sigmund
  2574 | D:4      | Killed Sigmund
  2614 | D:4      | Reached XP level 8. HP: 47/50 MP: 0/0
  2761 | D:4      | You are sucked into a shaft and drop 2 floors!
  2862 | D:6      | Found a runed translucent door.
  2862 | D:6      | Noticed a human
  2865 | D:6      | Found a basalt altar of Yredelemnul.
  2971 | D:5      | Entered Level 5 of the Dungeon
  4051 | D:6      | Reached XP level 9. HP: 53/55 MP: 0/0
  4051 | D:6      | Learned a level 3 spell: Call Canine Familiar
  4153 | D:6      | Identified a scroll of acquirement
  4153 | D:6      | Acquired 881 gold pieces
  4632 | D:7      | Found a hide-covered altar of Uskayaw.
  4632 | D:7      | Found a bloodstained altar of Trog.
  4632 | D:7      | Found a stormy altar of Qazlal.
  4634 | D:7      | Found an iron altar of Okawaru.
  4643 | D:7      | Found a shadowy altar of Dithmenos.
  4644 | D:7      | Found a blossoming altar of Fedhas.
  4667 | D:7      | Found a staircase to the Ecumenical Temple.
  4760 | D:7      | Reached skill level 10 in Spellcasting
  4760 | D:7      | Reached skill level 10 in Conjurations
  4760 | D:7      | Reached skill level 10 in Hexes
  4760 | D:7      | Reached skill level 10 in Summonings
  4760 | D:7      | Reached skill level 10 in Necromancy
  4760 | D:7      | Reached skill level 10 in Translocations
  4760 | D:7      | Reached skill level 10 in Fire Magic
  4760 | D:7      | Reached skill level 10 in Ice Magic
  4760 | D:7      | Reached skill level 10 in Air Magic
  4760 | D:7      | Reached skill level 10 in Earth Magic
  4760 | D:7      | Reached skill level 10 in Alchemy
  4789 | D:7      | Reached XP level 10. HP: 28/60 MP: 0/0
  4902 | D:7      | Found Esesonwe's Overcharged Wands.
  5156 | D:7      | Found a sand-covered staircase.
  5176 | Ossuary  | Entered an ossuary
  6277 | D:8      | Noticed a black mamba
  6279 | D:8      | a black mamba changed into a meliai
  6279 | D:8      | Noticed a meliai (shapeshifter)
  6280 | D:8      | a meliai changed into an entropy weaver
  6280 | D:8      | Noticed an entropy weaver (shapeshifter)
  6282 | D:8      | Noticed a boulder beetle
  6293 | D:8      | an entropy weaver changed into a yak
  6318 | D:8      | Noticed a boulder beetle
  6339 | D:8      | Killed a boulder beetle
  6342 | D:8      | Noticed a cyclops
  6347 | D:8      | HP: 2/60 [boulder beetle (11)]
  6376 | D:8      | Killed a boulder beetle
  6377 | D:8      | Reached XP level 11. HP: 14/65 MP: 0/0
  6377 | D:8      | Learned a level 4 spell: Leda's Liquefaction
  6387 | D:8      | Killed a cyclops
  6447 | D:8      | Identified the +8 rapier "Idde Veegeu" {antimagic, rF++ rC-
                  | rN+ Str+2}
  7668 | D:9      | Identified the +8 broad axe of Dajem {flame, Dex+3}
  8030 | D:10     | Entered Level 10 of the Dungeon
  8225 | D:10     | Found a staircase to the Lair.
  8463 | D:10     | Noticed a two-headed ogre
  8471 | D:10     | Killed a two-headed ogre
  8653 | D:10     | Reached XP level 12. HP: 57/70 MP: 0/0
  9486 | D:11     | Noticed Sonja
  9492 | D:11     | Killed Sonja
  9580 | D:11     | Noticed a sun demon
  9713 | Temple   | Entered the Ecumenical Temple
  9726 | Temple   | Became a worshipper of the Wu Jian Council
  9920 | Lair:1   | Entered Level 1 of the Lair of Beasts
 10080 | Lair:1   | Reached skill level 15 in Spellcasting
 10080 | Lair:1   | Reached skill level 15 in Conjurations
 10080 | Lair:1   | Reached skill level 15 in Hexes
 10080 | Lair:1   | Reached skill level 15 in Summonings
 10080 | Lair:1   | Reached skill level 15 in Necromancy
 10080 | Lair:1   | Reached skill level 15 in Translocations
 10080 | Lair:1   | Reached skill level 15 in Fire Magic
 10080 | Lair:1   | Reached skill level 15 in Ice Magic
 10080 | Lair:1   | Reached skill level 15 in Air Magic
 10080 | Lair:1   | Reached skill level 15 in Earth Magic
 10080 | Lair:1   | Reached skill level 15 in Alchemy
 10176 | Lair:1   | Noticed Prince Ribbit
 10181 | Lair:1   | Killed Prince Ribbit
 10186 | Lair:1   | Reached skill level 1 in Fighting
 10186 | Lair:1   | Reached skill level 1 in Armour
 10435 | Lair:1   | Noticed an eight-headed hydra
 10445 | Lair:1   | Killed an eight-headed hydra
 10609 | Lair:1   | Reached * piety under Wu Jian
 11153 | Lair:2   | Reached skill level 5 in Dodging
 11245 | Lair:2   | Reached XP level 13. HP: 81/83 MP: 0/0
 11245 | Lair:2   | Learned a level 5 spell: Yara's Violent Unravelling
 11327 | Lair:2   | Noticed a catoblepas
 11337 | Lair:2   | Killed a catoblepas
 11361 | Lair:2   | Reached ** piety under Wu Jian
 11369 | Lair:2   | Reached skill level 5 in Fighting
 11371 | Lair:2   | Reached skill level 5 in Armour
 12196 | Lair:2   | Found a staircase to the Snake Pit.
 12595 | Lair:3   | Reached *** piety under Wu Jian
 12929 | Lair:3   | Found a runed translucent gate.
 12931 | Lair:3   | Found a runed translucent gate.
 12931 | Lair:3   | Noticed a 12-headed hydra
 12932 | Lair:3   | Found a runed translucent gate.
 12932 | Lair:3   | Noticed Plog's ghost (journeyman DjSh)
 12934 | Lair:3   | Noticed a ten-headed hydra
 13026 | Lair:3   | Reached XP level 14. HP: 84/94 MP: 0/0
 13034 | Lair:3   | Reached skill level 10 in Dodging
 13653 | Lair:3   | Reached skill level 1 in Long Blades
 13661 | Lair:3   | Reached **** piety under Wu Jian
 13925 | Lair:3   | HP: 3/96 [skyshark (7)]
 14382 | Lair:3   | Found a staircase to the Swamp.
 14423 | Lair:3   | Reached skill level 5 in Long Blades
 15088 | Lair:4   | Acquired a +1 demon blade of venom
 15589 | Lair:5   | Entered Level 5 of the Lair of Beasts
 15635 | Lair:5   | Reached XP level 15. HP: 51/101 MP: 0/0
 15635 | Lair:5   | Learned a level 6 spell: Permafrost Eruption
 15645 | Lair:5   | Reached ***** piety under Wu Jian
 15896 | Lair:5   | Slain by a black mamba

Illustrated notes

Levels and vault maps discovered:
D:1:      nzn_arrival_depleted_hourglass, layout_basic
D:2:      minmay_general_purpose_star, layout_loops_cross,
          chequers_ecumenical_altar_simple_redux, minivault_19,
          kennysheep_path_1
D:3:      layout_rooms, lemuel_doored_altar, mainiacjoe_overflow_24_doors,
          uniq_natasha
D:4:      layout_loops_ring, kennysheep_slug_shrine, minmay_shop_damaged,
          uniq_eustachio, uniq_sigmund
D:5:      layout_basic, minmay_misc_feat_square, minmay_misc_feat_doors
D:6:      layout_gridville, dk_yredelemnul_ordeal
D:7:      cheibrodos_fzero, layout_loops_cross, grunt_temple_overflow_open,
          temple_green, mainiacjoe_ossuary_entry_find_the_door,
          nicolae_shop_overcharged_wands
D:8:      layout_basic, chequers_jeans, minmay_pinched_square
D:9:      layout_roguey, led_sif_book, serial_rivers,
          chequers_serial_rivers_marsh, chequers_serial_rivers_micro_b,
          chequers_serial_rivers_large_b, chequers_serial_rivers_micro_e
D:10:     layout_gridville, erik_lair_dragon
D:11:     layout_gridville, uniq_sonja
Temple:   nicolae_temple_ecumenical_triangle
Lair:1:   layout_long_grid, minmay_stone_trees_small,
          nicolae_quartered_pool_medium, lemuel_fruit_fields,
          uniq_prince_ribbit2
Lair:2:   layout_chaotic_city, guppyfry_snake_entry_island
Lair:3:   nzn_winding_woodlands_stair_cross
          [nzn_winding_woodlands_5x15_concentric,
          nzn_winding_woodlands_center_garden,
          nzn_winding_woodlands_5x15_parted,
          nzn_winding_woodlands_5x5_open_star,
          nzn_winding_woodlands_5x5_checkerboard,
          nzn_winding_woodlands_5x15_pathside_ponds,
          nzn_winding_woodlands_center_lodge,
          nzn_winding_woodlands_5x15_longhouse], layout_gridlike,
          mainiacjoe_swamp_entry_lozenge_pond, gammafunk_ghost_hydra_chop
Lair:4:   layout_cellular_growth, minmay_lair_oklob_items, roderic_carrion_pond,
          bobbens_ice_dragon_lair
Lair:5:   minmay_lair_end_enchanted_forest, layout_loops_ring,
          nicolae_slime_entry_field_trip, gammafunk_ghost_hive, st_stairs_5

Skill      XL: |  1  2  3  4  5  6  7  8  9 10 11 12 13 14 |
---------------+-------------------------------------------+-----
Stealth        | 2 |  2.2
Spellcasting   | 4 5 6 7 8 10 12 14 15 | 15.7
Conjurations   | 4 5 6 7 8 10 12 14 15 | 15.7
Hexes          | 4 5 6 7 8 10 12 14 15 | 15.7
Summonings     | 4 5 6 7 8 10 12 14 15 | 15.7
Necromancy     | 4 5 6 7 8 10 12 14 15 | 15.7
Translocations | 4 5 6 7 8 10 12 14 15 | 15.7
Fire Magic     | 4 5 6 7 8 10 12 14 15 | 15.7
Ice Magic      | 4 5 6 7 8 10 12 14 15 | 15.7
Air Magic      | 4 5 6 7 8 10 12 14 15 | 15.7
Earth Magic    | 4 5 6 7 8 10 12 14 15 | 15.7
Alchemy        | 4 5 6 7 8 10 12 14 15 | 15.7
Dodging        | 5 9 11 | 11.4
Fighting       | 4 6 7 |  7.1
Armour         | 4 7 |  7.7
Long Blades    | 6 |  6.6

Action                     |  1- 3 |  4- 6 |  7- 9 | 10-12 | 13-15 || total
---------------------------+-------+-------+-------+-------+-------++-------
  Melee: Falchion          |       |       |    59 |   183 |       ||   242
         Scimitar          |       |       |       |    94 |    72 ||   166
         Demon blade       |       |       |       |       |    64 ||    64
  Throw: Dart              |       |       |       |     6 |    12 ||    18
   Cast: Necrotise         |    59 |    66 |    15 |    20 |    32 ||   192
         Vampiric Draining |       |    14 |    65 |   199 |   273 ||   551
         Summon Small Mamm |       |       |     4 |     2 |       ||     6
         Momentum Strike   |       |       |    13 |     5 |       ||    18
         Animate Dead      |       |       |     5 |     8 |     9 ||    22
         Call Canine Famil |       |       |     3 |    19 |     9 ||    31
         Curse of Agony    |       |       |       |     4 |    11 ||    15
         Leda's Liquefacti |       |       |       |    15 |     7 ||    22
         Yara's Violent Un |       |       |       |       |     3 ||     3
Ability: Lunge             |       |       |       |     4 |    21 ||    25
         Whirlwind         |       |       |       |       |     3 ||     3
  Evoke: Wand              |       |       |       |     9 |       ||     9
    Use: Scroll            |       |     3 |    10 |    17 |     4 ||    34
         Potion            |       |       |     1 |     8 |     4 ||    13
   Stab: Sleeping          |       |       |     2 |     3 |     1 ||     6
         Distracted        |       |       |       |     2 |     3 ||     5
 Armour: Robe              |     1 |     6 |       |       |       ||     7
         Leather armour    |       |       |    50 |   209 |   208 ||   467
  Dodge: Dodged            |    15 |    24 |   146 |   522 |   558 ||  1265

Table legend: (Time is in decaauts)
 A = Elapsed time spent in this place.
 B = Non-inter-level travel time spent in this place.
 C = Inter-level travel time spent in this place.
 D = Time resting spent in this place.
 E = Time spent auto-exploring this place.
 F = Levels seen in this place.
 G = Mean time per level.
                   A        B        C        D        E       F      G
               +--------+--------+--------+--------+--------+-----+--------+
         Total |  16119 |  15083 |   1036 |   1173 |  10301 |  18 |  895.5 |
       Dungeon |   9647 |   8741 |    906 |    275 |   6492 |  11 |  877.0 |
        Temple |     26 |     14 |     12 |      0 |      0 |   1 |   26.0 |
          Lair |   5946 |   5828 |    118 |    804 |   3704 |   5 | 1189.2 |
       Ossuary |    499 |    499 |      0 |     94 |    104 |   1 |  499.0 |
               +--------+--------+--------+--------+--------+-----+--------+

Top non-repeatable levels by time:
  Lair:3: 2252 daAuts
    D:10: 1733 daAuts
  Lair:2: 1309 daAuts
     D:8: 1150 daAuts
  Lair:1: 1104 daAuts
     D:9: 1040 daAuts
     D:7: 988 daAuts
  Lair:4: 973 daAuts
     D:6: 938 daAuts
     D:4: 855 daAuts
     D:2: 785 daAuts
     D:5: 784 daAuts
     D:1: 753 daAuts
     D:3: 504 daAuts
 Ossuary: 499 daAuts
